 Dungeon Crawl Stone Soup version 0.30-a0-859-gf88a04b62d (webtiles) character file.

Game seed: 3909786978311496013

284 zenocrate the Insei (level 6, -2/57 HPs)
             Began as an Octopode Transmuter on Mar 7, 2023.
             Killed from afar by an orc wizard (4 damage)
             ... with a magic dart
             ... on level 4 of the Dungeon.
             The game lasted 00:03:57 (2556 turns).

zenocrate the Insei (Octopode Transmuter)           Turns: 2556, Time: 00:03:58

Health: -2/57      AC: 23    Str:  9    XL:     6   Next: 29%
Magic:  7/9        EV:  2    Int: 18    God:
Gold:   96         SH:  0    Dex: 18    Spells: 2/9 levels left

rFire   . . .      SeeInvis .      - Unarmed
rCold   . . .      Faith    .    (no shield)
rNeg    . . .      Spirit   .    (helmet currently unavailable)
rPois   +          Reflect  .    (no amulet)
rElec   .          Rampage  .    h - +6 ring of dexterity
rCorr   .          NoTele   +    (no ring)
Will    .....                    (no ring)
Stlth   ++                       (no ring)
HPRegen 0.29/turn                (no ring)
MPRegen 0.11/turn                (no ring)
                                 (no ring)
                                 (no ring)

@: tree-form, wereblooded
A: stationary, stasis, torment immunity, boosted hp, almost no armour,
(amphibious), 8 rings, (camouflage 1), (gelatinous body 1), (nimble swimmer 1),
(tentacles)
a: no special abilities


You were on level 4 of the Dungeon.
You were a tree.
You visited 1 branch of the dungeon, and saw 4 of its levels.

You collected 96 gold pieces.

Inventory:

Jewellery
 g - an amulet of faith
 h - a +6 ring of dexterity (left branch)
Wands
 k - a wand of mindburst (9)
Scrolls
 b - a scroll of torment {unknown}
 c - a scroll of noise {unknown}
 d - a scroll of immolation {unknown}
 f - a scroll of fog {unknown}
 j - a scroll of magic mapping
Potions
 e - a potion of magic
 i - a potion of attraction
 m - a potion of cancellation {unknown}
 n - a potion of might {unknown}


   Skills:
 - Level 1.0 Fighting
 - Level 2.0 Dodging
 - Level 1.1 Stealth
 + Level 4.8 Unarmed Combat
 - Level 2.0 Spellcasting
 + Level 4.2 Transmutations
 + Level 2.2 Ice Magic


You had 2 spell levels left.
You knew the following spells:

 Your Spells              Type           Power      Damage    Failure   Level
a - Beastly Appendage     Tmut           34%        N/A       3%          1
b - Wereblood             Tmut           17%        N/A       4%          2
c - Ice Form              Ice/Tmut       13%        N/A       43%         4

Your spell library contained the following spells:

 Spells                   Type           Power      Damage    Failure   Level
 Sublimation of Blood     Necr           1%         N/A       26%         2
 Spider Form              Tmut/Pois      9%         N/A       22%         3
 Petrify                  Tmut/Erth      9%         N/A       58%         4
 Summon Ice Beast         Ice/Summ       5%         N/A       75%         4
 Animate Dead             Necr           1%         N/A       87%         4
 Leda's Liquefaction      Hex/Erth       0%         N/A       87%         4
 Irradiate                Conj/Tmut      4%         3d13      91%         5
 Borgnjor's Vile Clutch   Necr/Erth      0%         N/A       99%         5
 Lee's Rapid Deconstruct  Erth           0%         3d4*      99%         5
 Summon Mana Viper        Hex/Summ       1%         N/A       99%         5
 Death Channel            Necr           0%         N/A       100%        6
 Statue Form              Tmut/Erth      6%         N/A       100%        6
 Haunt                    Necr/Summ      0%         N/A       100%        7
 Monstrous Menagerie      Summ           0%         N/A       100%        7
 Infestation              Necr           0%         N/A       100%        8


Dungeon Overview and Level Annotations

Branches:
Dungeon (4/15)
 Temple: D:4-7

Altars:
Dithmenos
Kikubaaqudgha
Makhleb
Okawaru
Qazlal

Shops:
D:3 :


Innate Abilities, Weirdness & Mutations

You are a tree.
Your roots penetrate the ground, keeping you stationary.
You cannot be teleported.
You are immune to unholy pain and torment.
Your maximum health is greatly increased.
You cannot wear most types of armour.
((You are amphibious.))
You can wear up to eight rings at the same time.
((Your skin changes colour to match your surroundings (Stealth+).))
((Your rubbery body absorbs attacks. (AC +1, EV +1)))
((You are camouflaged when in or above water. (Stealth+)))
((You have tentacles for arms and can constrict up to eight enemies at once.))


Message History

The orc is almost dead.
You constrict the orc, but do no damage.
Something hits you. The orc completely misses you.
The orc hits you with a +1 dagger of venom.
You tentacle-slap the orc but do no damage.
You squeeze the orc.
You feel a bit better.
You kill the orc!
The orc hits you with a +0 club.
You hear some strange, mumbled words.
Something tries to affect you, but you resist.
You bludgeon the orc!
You feel a bit better.
You kill the orc!
Something hits you. Something hits you.
Things that are here:
a +0 club; a +0 leather armour No target in view!
You closely miss something. Your squeeze misses something.
You closely miss something. You tentacle-slap something. Something hits you.
You bludgeon something!
You hear some strange, mumbled words.
A puff of flame appears from out of thin air!
The puff of flame hits you!
You are too injured to fight recklessly!
You closely miss something.
Your tentacle spike misses something.
Your tentacle spike disappears.
You hear some strange, mumbled words.
A magic dart appears from out of thin air!
The magic dart hits you!
* * * LOW HITPOINT WARNING * * *
You barely miss something. Your squeeze misses something. Something hits you.
* * * LOW HITPOINT WARNING * * *
Really quaff the potion of lignification?
You turn into a tree.
Your roots penetrate the ground.
Something hits you but does no damage.
You closely miss something.
You hear some strange, mumbled words.
A magic dart appears from out of thin air!
The magic dart hits you.
You die...

***,***,,*,*,,,,*,,,,,* *,*
*,,,,,,,,*,,,,..#...******,*
***,,,,,,*,,,,.....,,,,,,,,*
**,,,,,,*,****....*,*******
**,,,,,,,,,,,,,...#*,*
,,,,,,,,**,****#$.#*,#
*,,,,,,,**,* #..##.#
*,,,,,,,**,* #.....#
*,,*******,***##♣{#*** +,,*
*,,,,,*#<))# *,**
*,*,,,*#...# *,*
*,*......#)# *,*
*,*...####)# *,*
***,*#+#####.#######
*,****,,,*#.....).......#
,,,,,,,*#########.#####.#
,,,,,,,,..........# *,*


There were no monsters in sight!

Vanquished Creatures
  A sleepcap (D:3)
  A jelly (D:3)
  A gnoll bouda (D:4)
  Terence (D:2)
  An iguana (D:4)
  5 gnolls (D:4)
  2 adders (D:2)
  An ufetubus (D:4)
  A worm (D:3)
  A dart slug (D:3)
  8 orcs
  4 ball pythons
  3 endoplasms
  A giant cockroach (D:3)
  4 goblins
  6 hobgoblins
  4 jackals (D:1)
  3 quokkas (D:1)
  4 bats (D:1)
  10 frilled lizards
  4 kobolds
  4 rats
70 creatures vanquished.

Vanquished Creatures (others)
  A human (D:3)
1 creature vanquished.

Grand Total: 71 creatures vanquished

Notes
Turn   | Place    | Note
-------+----------+-------------------------------------------
     0 | D:1      | zenocrate the Octopode Transmuter began the quest for the
                  | Orb.
     0 | D:1      | Reached XP level 1. HP: 13/13 MP: 3/3
   208 | D:1      | Reached skill level 1 in Stealth
   223 | D:1      | Found a faded altar of an unknown god.
   228 | D:1      | Reached XP level 2. HP: 18/18 MP: 5/5
   234 | D:1      | Learned a level 2 spell: Wereblood
   513 | D:1      | Reached XP level 3. HP: 11/23 MP: 6/6
   863 | D:2      | Found a shadowy altar of Dithmenos.
   943 | D:2      | Noticed Terence
   970 | D:2      | Killed Terence
   971 | D:2      | Reached XP level 4. HP: 28/28 MP: 5/7
  1361 | D:2      | Learned a level 4 spell: Ice Form
  1579 | D:3      | Found a stormy altar of Qazlal.
  1695 | D:3      | Reached XP level 5. HP: 30/33 MP: 5/8
  1739 | D:3      | Found a burning altar of Makhleb.
  1868 | D:3      | Found Koimog's Book Emporium.
  1881 | D:3      | Found an iron altar of Okawaru.
  1978 | D:3      | Reached skill level 1 in Ice Magic
  2192 | D:3      | Found an ancient bone altar of Kikubaaqudgha.
  2221 | D:3      | Noticed a human
  2222 | D:3      | Killed a human
  2520 | D:4      | Reached XP level 6. HP: 33/38 MP: 6/9
  2554 | D:4      | HP: 1/38 [something (3)]
  2556 | D:4      | Killed from afar by an orc wizard

Illustrated notes

Levels and vault maps discovered:
D:1:      lightli_arrival_isolated_outpost, layout_loops_ring,
          dreamdust_ecumenical_altar_angels_and_demons
D:2:      layout_loops_cross, basic_altar, uniq_terence
D:3:      layout_loops_ring, mainiacjoe_overflow_surrounded_room,
          lemuel_crystal_altar, okawaru_gym_becter, tgw_kikubaaqudgha,
          serial_shops, shop, kennysheep_crisscross, hangedman_decor_growths
D:4:      layout_basic, marbit_many_paths, kennysheep_orc_chapel

Skill      XL: |  1  2  3  4  5  6 |
---------------+-------------------+-----
Stealth        | 1 |  1.1
Transmutations | 3 4 |  4.2
Unarmed Combat | 4 |  4.8
Ice Magic      | 1 2 |  2.2
Fighting       | |  1.0
Dodging        | |  2.0
Spellcasting   | |  2.0

Action                     |  1- 3 |  4- 6 || total
---------------------------+-------+-------++-------
  Melee: Unarmed           |    78 |    89 ||   167
         Tentacles         |    12 |    18 ||    30
         Constrict         |    18 |    26 ||    44
         Kick              |     3 |    19 ||    22
         Punch             |     1 |     4 ||     5
   Cast: Beastly Appendage |     6 |     8 ||    14
         Wereblood         |     1 |     9 ||    10
    Use: Potion            |     1 |     2 ||     3
         Scroll            |       |     5 ||     5
   Stab: Sleeping          |     5 |     5 ||    10
 Armour: Skin              |    20 |     2 ||    22
  Dodge: Dodged            |    48 |    43 ||    91

Table legend: (Time is in decaauts)
 A = Elapsed time spent in this place.
 B = Non-inter-level travel time spent in this place.
 C = Inter-level travel time spent in this place.
 D = Time resting spent in this place.
 E = Time spent auto-exploring this place.
 F = Levels seen in this place.
 G = Mean time per level.
                   A        B        C        D        E       F      G
               +--------+--------+--------+--------+--------+-----+--------+
         Total |   2544 |   2462 |     82 |      0 |   1980 |   4 |  636.0 |
       Dungeon |   2544 |   2462 |     82 |      0 |   1980 |   4 |  636.0 |
               +--------+--------+--------+--------+--------+-----+--------+

Top non-repeatable levels by time:
     D:1: 861 daAuts
     D:3: 807 daAuts
     D:2: 678 daAuts
     D:4: 197 daAuts
